 Dungeon Crawl Stone Soup version 0.26-a0-639-g72c4674329 (webtiles) character file.

Game seed: 15229709895064769376

208 Peloso the Skirmisher (level 5, -1/42 HPs)
             Began as a Demonspawn Fighter on Sept 18, 2020.
             Was an Initiate of Okawaru.
             Slain by a gnoll
             ... wielding a +3 flail of holy wrath
              (11 damage)
             ... on level 3 of the Dungeon.
             The game lasted 00:05:58 (3176 turns).

Peloso the Skirmisher (Demonspawn Fighter)          Turns: 3176, Time: 00:05:59

Health: -1/42      AC: 11    Str: 17      XL:     5   Next: 55%
Magic:  5/5        EV:  4    Int:  8 (9)  God:    Okawaru [......]
Gold:   77         SH: 10    Dex: 11 (13) Spells: 4/4 levels left

rFire    x . .     SeeInvis .   a - +0 long sword
rCold    + . .     Faith    .   c - +1 kite shield
rNeg     . . .     Spirit   .   m - +0 chain mail
rPois    .         Reflect  .   (no helmet)
rElec    .         Harm     .   t - +1 cloak
rCorr    .         Rampage  .   (no gloves)
MR       .....                  (no boots)
Stlth    ..........             (no amulet)
HPRegen  1.14/turn              i - ring of ice
MPRegen  0.09/turn              (no ring)

@: lethally poisoned (-1 -> -1)
A: hooves 1, powered by death 1
a: Renounce Religion


You were on level 3 of the Dungeon.
You worshipped Okawaru.
Okawaru was noncommittal.
You visited 1 branch of the dungeon, and saw 4 of its levels.

You collected 77 gold pieces.

Inventory:

Hand Weapons
 a - a +0 long sword (weapon)
 k - a +0 hand crossbow
Missiles
 j - 28 bolts
Armour
 b - a +0 scale mail
 c - a +1 kite shield (worn)
 m - a +0 chain mail (worn)
 t - a +1 cloak (worn)
Jewellery
 i - a ring of ice (left hand)
Scrolls
 e - a scroll of enchant armour
 f - a scroll of magic mapping
 g - a scroll of identify
 n - a scroll of remove curse
 p - 2 scrolls of teleportation {unknown}
 q - a scroll of amnesia {unknown}
 r - a scroll of random uselessness {unknown}
Potions
 d - a potion of might
 h - a potion of stabbing
 l - a potion of heal wounds
 o - a potion of brilliance {unknown}
 s - a potion of flight {unknown}


   Skills:
 + Level 3.8 Fighting
 + Level 3.3 Long Blades
 + Level 3.4 Armour
 + Level 0.3 Dodging
 + Level 0.3 Stealth
 + Level 3.7 Shields


You had 4 spell levels left.
You didn't know any spells.
Your spell library contained the following spells:

 Spells                   Type           Power        Failure   Level
 Magic Dart               Conj           #...         100%        1
 Blink                    Tloc           N/A          100%        2
 Call Imp                 Summ           #.......     100%        2
 Slow                     Hex            #.......     100%        2
 Conjure Flame            Conj/Fire      #.......     100%        3
 Mephitic Cloud           Conj/Pois/Air  #.......     100%        3


Dungeon Overview and Level Annotations

Branches:
Dungeon (4/15)
 Temple: D:4-7

Altars:
Okawaru
Qazlal


Innate Abilities, Weirdness & Mutations

You have large cloven feet.
You regenerate a little health from kills.


Message History

The gnoll is heavily wounded.
You feel sick. You block the gnoll's attack.
The gnoll hits you but does no damage.
You hit the gnoll. You kick the gnoll, but do no damage.
The gnoll is severely wounded.
You block the gnoll's attack.
The gnoll hits you with a cursed +0 club.
You slash the gnoll!
You kill the gnoll!
Okawaru accepts your kill.
You feel sick.
The gnoll hits you with a +3 flail of holy wrath.
You convulse.
You see here a cursed +0 club.
You hit the gnoll.
The gnoll is almost dead.
The gnoll hits you with a +3 flail of holy wrath!
* * * LOW HITPOINT WARNING * * *
You convulse!
You die...

#.##.##.# #.##.# #.# #.....
#.##.##.# #.##.# #.# #####.
#.##.##.####.##.# #.# #.
#.##.......#.##.# #.# #.
#............##.#####.# #>
##..####.##............# ####.
.......#.#######.####### #....
##.###.#.# #g# #.### #.#
#.#.#######@# #.# #.#
#.#.........# #.# #.#
#.########### ###.# #.# #.#####
#...# #.# #.#...# #.### #.#
#.#.#.# #.# #.# #[#.#.# #.# #.#
#.#.#.# #.#
##.###..#..################.###


You could see a gnoll.

Vanquished Creatures
  Crazy Yiuf (D:3)
  An orc wizard (D:3)
  4 gnolls
  4 adders
  4 worms
  A leopard gecko (D:2)
  3 orcs (D:3)
  4 giant cockroaches
  A goblin (D:1)
  11 hobgoblins
  3 jackals (D:3)
  A quokka (D:2)
  2 ball pythons (D:3)
  10 bats
  3 frilled lizards
  6 kobolds
  8 rats
67 creatures vanquished.

Notes
Turn   | Place    | Note
-------+----------+-------------------------------------------
     0 | D:1      | Peloso the Demonspawn Fighter began the quest for the Orb.
     0 | D:1      | Reached XP level 1. HP: 18/18 MP: 1/1
   219 | D:1      | Gained mutation: You have large cloven feet. [demonic
                  | ancestry]
   219 | D:1      | Reached XP level 2. HP: 24/24 MP: 2/2
   751 | D:2      | Gained mutation: You regenerate a little health from kills.
                  | [demonic ancestry]
   751 | D:2      | Reached XP level 3. HP: 20/29 MP: 3/3
  1385 | D:2      | Found a stormy altar of Qazlal.
  1754 | D:2      | Reached XP level 4. HP: 24/37 MP: 4/4
  2431 | D:3      | Found an iron altar of Okawaru.
  2453 | D:3      | Reached XP level 5. HP: 36/42 MP: 5/5
  2483 | D:3      | Became a worshipper of Warmaster Okawaru
  2927 | D:3      | Found a runed translucent door.
  2928 | D:3      | Noticed Crazy Yiuf
  3013 | D:3      | Killed Crazy Yiuf
  3176 | D:3      | Slain by a gnoll

Illustrated notes

Levels and vault maps discovered:
D:1:      dpeg_arrival_tiny_a, layout_loops_ring
D:2:      layout_loops_corners, lemuel_crystal_altar
D:3:      layout_loops_ring, lemuel_round_altar, uniq_crazy_yiuf_cottage
D:4:      layout_basic

Skill      XL: |  1  2  3  4 |
---------------+-------------+-----
Long Blades    | 2 3 |  3.3
Armour         | 3 |  3.4
Shields        | 3 |  3.7
Fighting       | |  3.8
Dodging        | |  0.3
Stealth        | |  0.3

Action                   |  1- 3 |  4- 6 || total
-------------------------+-------+-------++-------
Melee: Long sword        |   111 |   110 ||   221
       Kick              |    25 |    27 ||    52
  Use: Scroll            |     5 |       ||     5
       Potion            |       |     3 ||     3
Armor: Scale mail        |    28 |       ||    28
       Chain mail        |    22 |    73 ||    95
Dodge: Dodged            |    30 |    22 ||    52
Block: Kite shield       |    53 |    70 ||   123
       Rpst.: Long sword |     7 |     8 ||    15

Table legend: (Time is in decaauts)
 A = Elapsed time spent in this place.
 B = Non-inter-level travel time spent in this place.
 C = Inter-level travel time spent in this place.
 D = Time resting spent in this place.
 E = Time spent auto-exploring this place.
 F = Levels seen in this place.
 G = Mean time per level.
                   A        B        C        D        E       F      G
               +--------+--------+--------+--------+--------+-----+--------+
         Total |   3252 |   3192 |     60 |      0 |   2465 |   4 |  813.0 |
       Dungeon |   3252 |   3192 |     60 |      0 |   2465 |   4 |  813.0 |
               +--------+--------+--------+--------+--------+-----+--------+

Top non-repeatable levels by time:
     D:2: 1482 daAuts
     D:3: 1080 daAuts
     D:1: 679 daAuts
     D:4: 10 daAuts
